Description

This Terran build order is a very well rounded build with high-level capacities. It allows for numerous opportunities for timing attacks and harassment, while still being flexible enough to hold off any aggression a Zerg throws your way. Along with the build, this video will teach Terrans scouting intuition.

VOD

https://www.youtube.com/watch?v=Sd0Vj7dR0JU&t=1s

Replay - Sc2AnalysT - Raven Opening into Marine Tank Timing

Build Order

Get SALT Encoding   

  12  0:00  SCV  
  13  0:12  SCV  
  14  0:17  Supply Depot  
  14  0:24  SCV  
  15  0:38  SCV  
  15  0:40  Barracks  
  16  0:44  Refinery  
  16  0:50  SCV  
  17  1:03  SCV  
  18  1:15  SCV  
  19  1:27  Reaper, Orbital Command  
  20  1:42  Command Center  
  20  1:52  SCV, Supply Depot  
  21  1:59  Marine  
  22  2:04  SCV  
  23  2:08  Factory  
  23  2:13  Refinery  
  23  2:17  SCV  
  23  2:21  Barracks Reactor  
  26  2:55  Starport  
  26  2:56  Orbital Command  
  27  3:02  Hellion x2  
  32  3:08  Barracks Tech Lab  
  32  3:11  Supply Depot  
  33  3:23  Hellion x2  
  39  3:37  Raven  
  39  3:38  Barracks Tech Lab  
  42  3:45  Supply Depot  
  44  3:51  Hellion x2  
  49  3:58  Marine  
  49  3:59  Stimpack  
  53  4:18  Command Center  
  54  4:27  Marine  
  55  4:31  Barracks x2  
  55  4:37  Starport Reactor  
  57  4:42  Engineering Bay x2  
  58  4:48  Siege Tank  
  62  4:54  Supply Depot  
  62  5:06  Marine  
  65  5:09  Terran Infantry Weapons Level 1  
  65  5:10  Terran Infantry Armor Level 1  
  65  5:13  Refinery x2  
  65  5:18  Marine x2  
  69  5:24  Marine x3  
  69  5:27  Starport Reactor  
  72  5:31  Orbital Command  
  73  5:40  Marine  
  76  5:43  Siege Tank  
  84  6:03  Medivac x2  
  95  6:24  Orbital Command  
  95  6:29  Barracks x2, Siege Tank  
  100  6:37  Medivac x2  
  110  6:47  Armory  
  111  6:58  Liberator  
  117  7:01  Siege Tank  
  117  7:03  Combat Shields  
  132  7:17  Barracks Reactor x2  
  132  7:22  Refinery x2  
  133  7:41  Terran Infantry Weapons Level 2  
  133  7:49  Terran Infantry Armor Level 2  
  143  8:00  Factory  
  145  8:10  Command Center, Siege Tank  
  156  8:17  Medivac  
  165  8:37  Medivac  
  167  8:42  Siege Tank  
  167  8:45  Barracks x3  
  167  8:46  Factory Tech Lab  
  167  8:47  Medivac  
  183  9:06  Siege Tank  
  189  9:14  Siege Tank  
  191  9:44  Barracks Tech Lab x3  
Spawning Tool Build Advisor. Get it on Overwolf

Analysis

A lot of scouting techniques and tricks can be found in the VOD :)

Go to:

Details

  • Created by: Sc2AnalysT   
  • Published on: Apr 24, 2018
  • Patch: 4.0.0
Show
View Real Time Build Order
Export as new Build Order

Comments (0)

There are no comments. Be the first!

Create an account to comment!